 Dungeon Crawl Stone Soup version 0.31-a0-981-geadf994542 (webtiles) character file.

Game seed: 6191662171164100448

91 Frost42 the Chopper (level 4, 0/39 HPs)
             Began as a Minotaur Gladiator on May 18, 2023.
             Slain by an orc
             ... wielding a +0 club
              (2 damage)
             ... on level 3 of the Dungeon on Oct 31, 2023.
             The game lasted 00:12:38 (1736 turns).

Frost42 the Chopper (Minotaur Gladiator)            Turns: 1736, Time: 00:12:38

Health: 0/39       AC:  8    Str: 21    XL:     4   Next: 34%
Magic:  3/3        EV: 12    Int: 11    God:
Gold:   106        SH:  0    Dex: 11    Spells: 3/3 levels left

rFire   + . .        q - +0 whip
rCold   + . .        (no shield)
rNeg    . . .        b - +0 leather armour
rPois   +            c - +0 hat
rElec   +            (no cloak)
rCorr   +            (no gloves)
SInv    .            g - +0 pair of boots
Will    .....        k - amulet of the acrobat
Stlth   +            j - +6 ring of intelligence
HPRegen 0.26/turn    l - +4 ring of protection
MPRegen 0.08/turn

%: acrobat
@: confused, resistant, attractive
A: horns 2, retaliatory headbutt
a: no special abilities


You were on level 3 of the Dungeon.
You visited 1 branch of the dungeon, and saw 3 of its levels.

You collected 106 gold pieces.

Inventory:

Hand Weapons
 a - a +0 war axe
 f - a +0 morningstar of protection
 q - a +0 whip (weapon)
Missiles
 d - a throwing net
 e - a javelin
 i - 19 stones
 o - a poisoned dart (quivered)
 r - 6 large rocks
Armour
 b - a +0 leather armour (worn)
 c - a +0 hat (worn)
 g - a +0 pair of boots (worn)
Jewellery
 j - a +6 ring of intelligence (left hand)
 k - an amulet of the acrobat (around neck)
 l - a +4 ring of protection (right hand)
Scrolls
 n - a scroll of immolation {unknown}
 p - a scroll of identify {unknown}
 s - a scroll of fog {unknown}
Potions
 h - 2 potions of lignification
 u - a potion of cancellation {unknown}


   Skills:
 * Level 3.6 Fighting
 - Level 4.2(4.3) Axes
 + Level 0.8(2.7) Maces & Flails
 + Level 2.7 Throwing
 + Level 4.0 Dodging


You had 3 spell levels left.
You didn't know any spells.
Your spell library was empty.

Dungeon Overview and Level Annotations

Branches:
Dungeon (3/15)

Altars:
Cheibriados


Innate Abilities, Weirdness & Mutations

You have a pair of horns on your head.
You reflexively headbutt those who attack you in melee.


Message History

Your Dodging skill increases to level 4!
You have reached level 4!
You feel stronger.
You hear some strange, mumbled words.
A puff of flame appears from out of thin air!
The puff of flame misses you. The orc completely misses you.
Things that are here:
a +0 morningstar of protection; a +0 short sword
f - a +0 morningstar of protection Something hits you.
The orc barely misses you.
It was a potion of attraction.
You feel attractive to monsters.
You hear some strange, mumbled words.
You are confused.
The orc barely misses you.
You're too confused to move!
Something hits you but does no damage. The orc hits you but does no damage.
You miss the orc.
You hear some strange, mumbled words.
A puff of flame appears from out of thin air!
The puff of flame hits you!
* * * LOW HITPOINT WARNING * * *
The orc hits you with a +0 club.
* * * LOW HITPOINT WARNING * * *
A magic dart appears from out of thin air!
The magic dart hits you.
* * * LOW HITPOINT WARNING * * *
The orc completely misses you. Something is attracted toward you.
You bump into the rock wall.
Something completely misses you. The orc hits you but does no damage.
You bump into the rock wall.
Something hits you.
* * * LOW HITPOINT WARNING * * *
The orc closely misses you.
Unknown command.
It was a potion of resistance.
You feel protected. Something hits you.
* * * LOW HITPOINT WARNING * * *
The orc hits you with a +0 club.
You die...

###...........#
#....#......#.$#
#.#............#
...............#
#.(..#......#..#
#..........|..###
#....#.§#......#
#..o{........#
###@...#)....#
#######.###.....#
.........†oo....#
###########.....#
#.....# #.....#
#####..####
########.....##
.......<.#####


You could see an orc.

Vanquished Creatures
  An orc priest (D:3)
  An adder (D:1)
  A worm (D:2)
  A dart slug (D:1)
  2 orcs (D:3)
  8 ball pythons
  3 bats (D:1)
  3 giant cockroaches (D:1)
  4 goblins
  3 hobgoblins
  2 jackals (D:1)
  4 kobolds
  3 quokkas
  5 frilled lizards
  3 rats (D:1)
44 creatures vanquished.

Notes
Turn   | Place    | Note
-------+----------+-------------------------------------------
     0 | D:1      | Frost42 the Minotaur Gladiator began the quest for the Orb.
     0 | D:1      | Reached XP level 1. HP: 18/18 MP: 0/0
   143 | D:1      | Reached XP level 2. HP: 25/25 MP: 1/1
   471 | D:1      | Reached XP level 3. HP: 31/31 MP: 2/2
   483 | D:1      | Upgraded the game from 0.31-a0-43-g46d131a48f to
                  | 0.31-a0-981-geadf994542
   907 | D:2      | Found a snail-covered altar of Cheibriados.
  1728 | D:3      | Reached XP level 4. HP: 18/39 MP: 3/3
  1736 | D:3      | Slain by an orc

Illustrated notes

Levels and vault maps discovered:
D:1:      erik_arrival_blinker_ship, layout_basic
D:2:      layout_basic, basic_altar, minmay_tromino_v4_a
D:3:      layout_rooms, kennysheep_slug_shrine,
          nemelex_xobeh_ov_fountains_minmay, minmay_splitting_lines,
          minmay_misc_feat_plants

Skill      XL: |  1  2  3 |
---------------+----------+-----
Axes           | 4 |  4.2
Fighting       | 3 |  3.6
Dodging        | 4 |  4.0
Maces & Flails | |  0.8
Throwing       | |  2.7

Action                     |  1- 3 |  4- 6 || total
---------------------------+-------+-------++-------
  Melee: War axe           |    69 |       ||    69
         Headbutt          |    12 |       ||    12
         Whip              |    17 |     1 ||    18
         Punch             |     2 |       ||     2
  Throw: Throwing net      |     2 |       ||     2
         Dart              |     2 |       ||     2
    Use: Scroll            |     2 |       ||     2
         Potion            |     3 |     2 ||     5
 Armour: Leather armour    |    51 |    10 ||    61
  Dodge: Dodged            |    77 |     7 ||    84

Table legend: (Time is in decaauts)
 A = Elapsed time spent in this place.
 B = Non-inter-level travel time spent in this place.
 C = Inter-level travel time spent in this place.
 D = Time resting spent in this place.
 E = Time spent auto-exploring this place.
 F = Levels seen in this place.
 G = Mean time per level.
                   A        B        C        D        E       F      G
               +--------+--------+--------+--------+--------+-----+--------+
         Total |   1769 |   1612 |    157 |     34 |    352 |   3 |  589.7 |
       Dungeon |   1769 |   1612 |    157 |     34 |    352 |   3 |  589.7 |
               +--------+--------+--------+--------+--------+-----+--------+

Top non-repeatable levels by time:
     D:1: 874 daAuts
     D:2: 815 daAuts
     D:3: 79 daAuts
